 Dungeon Crawl Stone Soup version 0.30-a0-358-g0d69a1922f (webtiles) character file.

Game seed: 1111001323143767544

95 oldmanjim the Shooter (level 4, 0/37 HPs)
             Began as a Formicid Hunter on Nov 9, 2022.
             Slain by a gnoll
             ... wielding a +0 spear
             ... led by a gnoll bouda
              (2 damage)
             ... on level 3 of the Dungeon.
             The game lasted 00:08:11 (1769 turns).

oldmanjim the Shooter (Formicid Hunter)             Turns: 1769, Time: 00:08:11

Health: 0/37       AC:  9    Str: 16    XL:     4   Next: 97%
Magic:  4/4        EV: 10    Int: 10    God:
Gold:   81         SH:  0    Dex: 17    Spells: 3/3 levels left

rFire   . . .      SeeInvis +    b - +8 trident of the Octopus King {venom, rElec rPois}
rCold   . . .      Faith    .    (no shield)
rNeg    . . .      Spirit   .    t - +0 scale mail
rPois   +          Reflect  .    (helmet unavailable)
rElec   +          Harm     .    (no cloak)
rCorr   .          Rampage  .    i - +1 pair of gloves
Will    .....                    j - +0 pair of boots
Stlth   +.........               (no amulet)
HPRegen 0.26/turn                (no ring)
MPRegen 0.09/turn                (no ring)

@: no status effects
A: permanent stasis, dig shafts and tunnels, antennae 3, four strong arms
a: Dig, Shaft Self


You were on level 3 of the Dungeon.
You visited 1 branch of the dungeon, and saw 3 of its levels.

You collected 81 gold pieces.

Inventory:

Hand Weapons
 a - a +0 shortbow
 b - the +8 trident of the Octopus King (weapon) {venom, rElec rPois}
   (You found it on level 2 of the Dungeon)

   It poisons the flesh of those it strikes.
   rElec:     It insulates you from electricity.
   rPois:     It protects you from poison.
 n - a +0 trident
 s - a +0 dagger
Missiles
 d - 6 atropa-tipped darts
 g - 26 stones
 m - a boomerang
Armour
 c - a +0 leather armour
 i - a +1 pair of gloves (worn)
 j - a +0 pair of boots (worn)
 t - a +0 scale mail (worn)
Scrolls
 e - a scroll of vulnerability {unknown}
 k - 2 scrolls of immolation
 l - a scroll of noise {unknown}
 p - a scroll of teleportation {unknown}
 q - a scroll of silence {unknown}
Potions
 f - a potion of degeneration {unknown}
 h - a potion of invisibility {unknown}
 o - 2 potions of magic {unknown}
 r - a potion of heal wounds {unknown}


   Skills:
 + Level 3.8 Fighting
 + Level 0.6 Polearms
 + Level 4.9 Ranged Weapons
 - Level 1.8 Dodging
 - Level 1.3 Stealth


You had 3 spell levels left.
You didn't know any spells.
Your spell library contained the following spells:

 Spells                   Type           Power      Damage    Failure   Level
 Ensorcelled Hibernation  Hex/Ice        0%         N/A       91%         2
 Passwall                 Tmut/Erth      0%         N/A       91%         2
 Swiftness                Air            Unusable   N/A       N/A         3

Dungeon Overview and Level Annotations

Branches:
Dungeon (3/15)

Altars:


Innate Abilities, Weirdness & Mutations

You cannot be hasted, slowed, berserked, paralysed or teleported.
You can dig through walls and to a lower floor.
You have a pair of large antennae on your head. (SInv)
Your four strong arms can wield two-handed weapons with a shield.


Message History

You reach to attack!
You closely miss the gnoll.
You reach to attack!
You closely miss the gnoll bouda. You closely miss the gnoll bouda.
The gnoll bouda hits you with a +0 whip!
You closely miss the gnoll bouda.
The gnoll hits you from afar with a +0 spear.
The gnoll bouda hits you but does no damage.
The gnoll hits you from afar with a +0 spear!
You are too injured to fight recklessly!
You barely miss the gnoll bouda.
The gnoll bouda hits you with a +0 whip.
The gnoll hits you but does no damage.
You barely miss the gnoll bouda.
You hear the slow rusting of a distant drain.
The gnoll bouda hits you but does no damage.
The gnoll hits you from afar with a +0 spear.
The gnoll bouda hits you with a +0 whip!
* * * LOW HITPOINT WARNING * * *
You barely miss the gnoll bouda.
The gnoll is no longer moving quickly.
The gnoll completely misses you. The gnoll bouda barely misses you.
You puncture the gnoll bouda!
The gnoll bouda is poisoned.
The gnoll bouda is moderately wounded.
The gnoll is no longer moving quickly.
The gnoll hits you from afar with a +0 spear.
* * * LOW HITPOINT WARNING * * *
The gnoll bouda hits you but does no damage.
The gnoll hits you from afar with a +0 spear.
* * * LOW HITPOINT WARNING * * *
You hit the gnoll bouda but do no damage.
The gnoll bouda looks as sick as possible!
The gnoll bouda is heavily wounded.
The gnoll bouda hits you with a +0 whip.
* * * LOW HITPOINT WARNING * * *
The gnoll hits you but does no damage.
Unknown command.
You hit the gnoll bouda.
The gnoll bouda is severely wounded.
The gnoll bouda closely misses you.
The gnoll hits you from afar with a +0 spear.
You die...

#.###.###......
#..............
#........
#.##..... #.#
.g. #g# . #g#
#g# #@#
#.#########
#.........#
######.#### {
#.....# ##....#
#...<# {#...##
#.###


You could see a gnoll bouda (extremely poisoned) and 2 gnolls.

Vanquished Creatures
  A gnoll (D:3)
  3 adders
  2 dart slugs
  An orc (D:2)
  5 bats
  6 endoplasms
  A giant cockroach (D:1)
  A goblin (D:2)
  6 hobgoblins
  2 jackals (D:1)
  3 quokkas
  3 ball pythons
  3 frilled lizards
  8 kobolds
  7 rats
52 creatures vanquished.

Vanquished Creatures (others)
  8 plants
8 creatures vanquished.

Grand Total: 60 creatures vanquished

Notes
Turn   | Place    | Note
-------+----------+-------------------------------------------
     0 | D:1      | oldmanjim the Formicid Hunter began the quest for the Orb.
     0 | D:1      | Reached XP level 1. HP: 16/16 MP: 1/1
    90 | D:1      | Reached XP level 2. HP: 23/23 MP: 2/2
   266 | D:1      | Reached XP level 3. HP: 28/28 MP: 3/3
  1064 | D:2      | Reached XP level 4. HP: 35/35 MP: 4/4
  1546 | D:2      | Found the +8 trident of the Octopus King {venom, rElec
                  | rPois}
  1769 | D:3      | Slain by a gnoll

Illustrated notes

Levels and vault maps discovered:
D:1:      dpeg_arrival_short_road, layout_basic, corexii_corridor_pit,
          lexackson_kobold_supper
D:2:      layout_loops_ring, patterned_corridor
D:3:      minmay_skewed_foursquare, layout_basic, lemuel_round_altar,
          grunt_gozag_breadcrumbs, nicolae_uskayaw_dance_hall,
          portal_sewer_entry_e, serial_bayou_pond_c

Skill      XL: |  1  2  3 |
---------------+----------+-----
Fighting       | 3 |  3.8
Polearms       | |  0.6
Ranged Weapons | |  4.9
Dodging        | |  1.8
Stealth        | |  1.3

Action                   |  1- 3 |  4- 6 || total
-------------------------+-------+-------++-------
Melee: Dagger            |    60 |       ||    60
       Punch             |     1 |       ||     1
       Trident           |       |    17 ||    17
 Fire: Shortbow          |    68 |    42 ||   110
 Abil: Dig               |     1 |       ||     1
Armor: Leather armour    |     8 |     8 ||    16
       Scale mail        |       |     9 ||     9
Dodge: Dodged            |    15 |    26 ||    41

Table legend: (Time is in decaauts)
 A = Elapsed time spent in this place.
 B = Non-inter-level travel time spent in this place.
 C = Inter-level travel time spent in this place.
 D = Time resting spent in this place.
 E = Time spent auto-exploring this place.
 F = Levels seen in this place.
 G = Mean time per level.
                   A        B        C        D        E       F      G
               +--------+--------+--------+--------+--------+-----+--------+
         Total |   1804 |   1585 |    219 |      0 |   1159 |   3 |  601.3 |
       Dungeon |   1804 |   1585 |    219 |      0 |   1159 |   3 |  601.3 |
               +--------+--------+--------+--------+--------+-----+--------+

Top non-repeatable levels by time:
     D:1: 975 daAuts
     D:2: 774 daAuts
     D:3: 54 daAuts
